 Dungeon Crawl Stone Soup version 0.30-a0-595-g91969c0fa5 (webtiles) character file.

Game seed: 14046915611716864695

66 MackTheKnife the Grave Robber (level 3, -8/20 HPs)
             Began as a Deep Elf Wanderer on Jan 6, 2023.
             Mangled by a gnoll
             ... wielding a +0 halberd
             ... led by a gnoll bouda
              (14 damage)
             ... in the Ecumenical Temple.
             The game lasted 00:04:00 (2284 turns).

MackTheKnife the Grave Robber (Deep Elf Wanderer)   Turns: 2284, Time: 00:04:00

Health: -8/20      AC:  3    Str:  6    XL:     3   Next: 96%
Magic:  6/9        EV: 11    Int: 20    God:
Gold:   67         SH:  0    Dex: 15    Spells: 4/8 levels left

rFire   . . .      SeeInvis .    r - +2 sling (freeze)
rCold   . . .      Faith    .    (no shield)
rNeg    . . .      Spirit   .    d - +0 robe
rPois   .          Reflect  .    (no helmet)
rElec   .          Harm     .    (no cloak)
rCorr   .          Rampage  .    (no gloves)
Will    .....                    b - +0 pair of boots
Stlth   ++                       (no amulet)
HPRegen 0.23/turn                (no ring)
MPRegen 0.11/turn                (no ring)

@: no status effects
A: subdued magic 1
a: no special abilities


You were in the Ecumenical Temple.
You visited 2 branches of the dungeon, and saw 5 of its levels.

You collected 67 gold pieces.


Innate Abilities, Weirdness & Mutations

Your spells are a little easier to cast, but a little less powerful.


   Skills:
 - Level 1.0 Fighting
 - Level 1.3 Polearms
 - Level 1.0 Armour
 - Level 1.2 Stealth
 - Level 3.0 Spellcasting
 + Level 2.3 Summonings
 - Level 3.4 Necromancy
 - Level 1.0 Invocations
 - Level 1.1 Evocations


You had 4 spell levels left.
You knew the following spells:

 Your Spells              Type           Power      Damage    Failure   Level
a - Necrotise             Necr           52%        1d6       2%          1
b - Call Canine Familiar  Summ           9%         N/A       13%         3

Your spell library contained the following spells:

 Spells                   Type           Power      Damage    Failure   Level
 Vampiric Draining        Necr           13%        2d6       8%          3
 Dispel Undead            Necr           13%        3d9       28%         4
 Portal Projectile        Hex/Tloc       4%         N/A       34%         3
 Stone Arrow              Conj/Erth      4%         3d7       34%         3
 Tukima's Dance           Hex            2%         N/A       34%         3
 Animate Armour           Summ/Erth      12%        N/A       61%         4
 Leda's Liquefaction      Hex/Erth       1%         N/A       77%         4
 Blade Hands              Tmut           1%         N/A       98%         5
 Lehudib's Crystal Spear  Conj/Erth      1%         10d2      100%        8

Inventory:

Hand Weapons
 r - a +2 sling of freezing (weapon)
   (You found it on level 2 of the Dungeon)
Armour
 b - a +0 pair of boots (worn)
 d - a +0 robe (worn)
 e - a +0 ring mail
   (You found it on level 1 of the Dungeon)
 g - a +0 leather armour
   (You found it on level 1 of the Dungeon)
 i - a +0 ring mail
   (You found it on level 1 of the Dungeon)
 j - a +0 buckler
   (You found it on level 1 of the Dungeon)
 k - a +0 leather armour
   (You found it on level 2 of the Dungeon)
 l - a +0 robe
   (You found it on level 2 of the Dungeon)
Magical Staves
 f - a staff of cold {!astaff}
   (You found it on level 1 of the Dungeon)
Scrolls
 c - a scroll of vulnerability {unknown}
 h - a scroll of noise {unknown}
 m - a scroll of magic mapping {unknown}
 n - a scroll of teleportation {unknown}
 p - a scroll of enchant armour {unknown}
 q - 2 scrolls of identify {unknown}
Potions
 a - a potion of ambrosia {unknown}
 o - a potion of mutation {!q}

Dungeon Overview and Level Annotations

Branches:
Dungeon (6/15) Zot: 21705  Temple (1/1) D:6 Zot: 5996

Altars:
Fedhas
Qazlal
Vehumet
Zin

~...♣..~.§~..
.........♣. ..
.~._.♣~..♣§§.
~...♣..~♣...
.....♣~.~.
♣..§....♣.~
♣..§~...~~~
..~♣♣gh.~~...~♣
..§.§...@♣~...♣
♣♣~..~..♣♣ ..♣
♣~._.♣♣. ♣
.....§ . ._..~.
_~ ..... ..
..~.. ...


You could see a gnoll (swift, ally target) and a friendly hound (summoned).


Message History

The hobgoblin shouts!
You shoot a sling bullet.
The sling bullet hits the hobgoblin but does no damage.
You shoot a sling bullet.
The sling bullet hits the hobgoblin but does no damage.
You shoot a sling bullet.
The sling bullet barely misses the hobgoblin.
You shoot a sling bullet.
The sling bullet closely misses the hobgoblin.
The hobgoblin hits you. x2 😕 HP[-4]
You take 4 damage, and now have 16/20 hp.
A hobgoblin is nearby!
You shoot a sling bullet.
The sling bullet barely misses the hobgoblin.
The hobgoblin hits you.
A hobgoblin is nearby!
You shoot a sling bullet.
The sling bullet closely misses the hobgoblin.
The hobgoblin hits you.
The hobgoblin barely misses you. 😮 HP[-1]
You take 1 damage, and now have 15/20 hp.
You are too injured to fight recklessly!
You are too injured to fight recklessly!
You are too injured to fight recklessly!
You are too injured to fight recklessly!
Casting: Necrotise (safe; 3% risk of failure)
Confirm with . or Enter, or press ? or * to list all spells.
Aiming: Necrotise (safe; 3% risk of failure)
Press: ? - help, Shift-Dir - straight line, f/p - hobgoblin
Aim: a hobgoblin (severely wounded, chance to affect: 87%)
The hobgoblin writhes in agony.
You kill the hobgoblin!
The dead are walking! 😮 MP[-1]
You lost 1 mp, and now have 8/9 mp.
Casting: Necrotise (safe; 3% risk of failure)
Confirm with . or Enter, or press ? or * to list all spells.
Okay, then.
You start resting. 😕 HP[+2] MP[+1]
You regained 2 hp, and now have 17/20 hp.
Your mp is fully restored (9).
You swap places.
Key pressed, stopping explore.
Your hobgoblin skeleton crumbles into dust!
Key pressed, stopping explore.
You see here 3 stones {throwing}.
Key pressed, stopping explore.
A sourceless malevolence fills the Dungeon...
You fall into a shaft and drop 3 floors!
The shaft crumbles and collapses.
Found a staircase to the Ecumenical Temple. 😎 HP[+3]
Your hp is fully restored (20).
Unknown command.
Unknown command.
A hound and an orc come into view.
A gnoll comes into view. It is wielding a +0 halberd.
The orc shouts!
You hear a shout! x2; The gnoll shouts!
A gnoll comes into view. It is wielding a +0 halberd.
A gnoll bouda and 3 gnolls come into view.
The gnoll shouts!
The gnoll moves out of view.
The gnoll bouda shouts!
The gnoll shouts!
The gnoll closely misses you.
The gnoll bouda barks out a call to the hunt!
The gnolls pick up the pace!
There is a staircase to the Ecumenical Temple here.
The hound bites you. The gnoll closely misses you.
The gnoll hits you from afar with a +0 spear.
The gnoll hits you from afar with a +0 halberd.
* * * LOW HITPOINT WARNING * * *
You climb downwards.
Welcome to the Ecumenical Temple!
Found four altars.
There is a staircase back to the Dungeon here. 😨 HP[-14]
You take 14 damage, and now have 6/20 hp.
MASSIVE DAMAGE!! (PAUSE) Unknown command.
Okay, then.
It was a potion of mutation.
You feel extremely strange.
Your connection to magic feels subdued.
The gnoll barely misses you.
Casting: Necrotise (safe; 2% risk of failure)
Confirm with . or Enter, or press ? or * to list all spells.
The spell is extremely dangerous to miscast (13% risk of failure)!
Continue anyway?
Okay, then.
Unknown command.
Casting: Call Canine Familiar (extremely dangerous; 13% risk of failure)
Confirm with . or Enter, or press ? or * to list all spells.
The spell is extremely dangerous to miscast (13% risk of failure)!
Continue anyway?
The gnoll barely misses you. 😨 MP[-3]
You lost 3 mp, and now have 6/9 mp.
Unknown command.
You swap places.
Your hound bites the gnoll.
The gnoll hits you from afar with a +0 halberd!
Ouch! That really hurt!
You die...

Skill      XL: |  1  2  3 |
---------------+----------+-----
Spellcasting   | 2 3 |  3.0
Necromancy     | 3 |  3.4
Summonings     | 2 |  2.3
Fighting       | |  1.0
Polearms       | |  1.3
Armour         | |  1.0
Stealth        | |  1.2
Invocations    | |  1.0
Evocations     | |  1.1

Action                   || total
-------------------------++-------
Melee: Spear             ||    38
 Fire: Sling             ||    28
 Cast: Necrotise         ||    75
       Call Canine Famil ||     1
  Use: Potion            ||     2
Armor: Robe              ||    26
Dodge: Dodged            ||    68

Levels and vault maps discovered:
D:1:      psy_arrival_radial01, layout_rooms, minmay_misc_feat_x
D:2:      layout_loops_ring
D:3:      minmay_general_purpose_star, layout_loops_cross, chequers_jeans,
          minmay_misc_feat_encased
D:6:      layout_rooms, minmay_temple_entry_glass, hex_intersection
Temple:   nicolae_temple_bog_church

Notes
Turn   | Place    | Note
-------+----------+-------------------------------------------
     0 | D:1      | MackTheKnife the Deep Elf Wanderer began the quest for the
                  | Orb.
     0 | D:1      | MackTheKnife set off with the following items: a +0 spear
                  | {polearm}, a +0 pair of boots, a potion of curing {@q1}, a
                  | +0 robe; and the following spell memorised: Necrotise; and
                  | the following spells available to memorise: Vampiric
                  | Draining, Dispel Undead.
     0 | D:1      | Reached XP level 1. HP: 12/12 MP: 5/5
     0 | D:1      | magus.rc [v1.9.6]
   183 | D:1      | Reached skill level 2 in Spellcasting
   322 | D:1      | Reached XP level 2. HP: 16/16 MP: 5/7
   327 | D:1      | Reached skill level 3 in Necromancy
   502 | D:1      | You pick up a book of Weapons and begin reading...
   502 | D:1      | You add the spells Tukima's Dance, Portal Projectile and
                  | Blade Hands to your library.
   551 | D:1      | You pick up a book of Armaments and begin reading...
   551 | D:1      | You add the spells Stone Arrow, Animate Armour and
                  | Lehudib's Crystal Spear to your library.
   816 | D:1      | Reached skill level 3 in Spellcasting
  1169 | D:2      | You pick up a book of the Hunter and begin reading...
  1169 | D:2      | You add the spells Call Canine Familiar and Leda's
                  | Liquefaction to your library.
  1213 | D:2      | Reached XP level 3. HP: 20/20 MP: 6/9
  1217 | D:2      | Learned a level 3 spell: Call Canine Familiar
  1350 | D:2      | Reached skill level 1 in Summonings
  1723 | D:2      | Reached skill level 2 in Summonings
  2274 | D:3      | You fall into a shaft and drop 3 floors!
  2274 | D:6      | Found a staircase to the Ecumenical Temple.
  2280 | D:6      | HP: 5/20 [gnoll/+0 halberd[a gnoll bouda] (6)]
  2281 | Temple   | Entered the Ecumenical Temple
  2282 | Temple   | Gained mutation: Your spells are a little easier to cast,
                  | but a little less powerful. [potion of mutation]
  2284 | Temple   | Mangled by a gnoll

Vanquished Creatures
  An adder (D:2)
  5 endoplasms
  3 hobgoblins
  8 jackals
  2 quokkas (D:2)
  9 ball pythons
  8 bats
  2 frilled lizards (D:1)
  3 goblins (D:1)
  6 kobolds
  3 rats
50 creatures vanquished.

Vanquished Creatures (collateral kills)
  2 jackals (D:1)
  A bat (D:2)
3 creatures vanquished.

Grand Total: 53 creatures vanquished

Table legend:
 A = Non-vault XP
 B = Vault XP
 C = Vault XP percentage of total XP
 D = Non-vault monster count
 E = Vault monster count
 F = Vault count percentage of total count
                 A         B        C        D         E       F
            +---------+---------+-------+---------+---------+-------
      Total |      95 |       0 |   0.0 |      53 |       0 |   0.0
            +---------+---------+-------+---------+---------+-------
        D:1 |      38 |       0 |   0.0 |      26 |       0 |   0.0
        D:2 |      52 |       0 |   0.0 |      24 |       0 |   0.0
        D:3 |       5 |       0 |   0.0 |       3 |       0 |   0.0
            +---------+---------+-------+---------+---------+-------

Illustrated notes

Table legend:
 A = Kills in this place as a percentage of kills in entire the game.
 B = Kills by you in this place as a percentage of kills by you in the entire game.
 C = Kills by friends in this place as a percentage of kills by friends in the entire game.
 D = Other kills in this place as a percentage of other kills in the entire game.
 E = Experience gained in this place as a percentage of experience gained in the entire game.
 F = Experience gained in this place divided by the number of levels of this place that you have seen.
                   A       B       C       D       E      F
               +-------+-------+-------+-------+-------+----------------------
         Total | 100.0 | 100.0 | 100.0 |   N/A | 100.0 |  19.0
       Dungeon | 100.0 | 100.0 | 100.0 |   N/A | 100.0 |  23.8
               +-------+-------+-------+-------+-------+----------------------

Table legend: (Time is in decaauts)
 A = Elapsed time spent in this place.
 B = Non-inter-level travel time spent in this place.
 C = Inter-level travel time spent in this place.
 D = Time resting spent in this place.
 E = Time spent auto-exploring this place.
 F = Levels seen in this place.
 G = Mean time per level.
                   A        B        C        D        E       F      G
               +--------+--------+--------+--------+--------+-----+--------+
         Total |   2296 |   2132 |    164 |     94 |   1705 |   5 |  459.2 |
       Dungeon |   2294 |   2130 |    164 |     94 |   1705 |   4 |  573.5 |
        Temple |      2 |      2 |      0 |      0 |      0 |   1 |    2.0 |
               +--------+--------+--------+--------+--------+-----+--------+

Top non-repeatable levels by time:
     D:1: 1134 daAuts
     D:2: 969 daAuts
     D:3: 183 daAuts
     D:6: 6 daAuts
  Temple: 2 daAuts
